 Dungeon Crawl Stone Soup version 0.18.1-48-g4cf74bf (webtiles) character file.

158 PossumBlood the Magician (level 5, -2/28 HPs)
             Began as a Deep Elf Wizard on Aug 17, 2016.
             Slain by an orc wizard
             ... wielding a +0 dagger
              (4 damage)
             ... on level 4 of the Dungeon.
             The game lasted 00:09:06 (2927 turns).

PossumBlood the Magician (Deep Elf Wizard)          Turns: 2927, Time: 00:09:06

Health: -2/28      AC:  2    Str:  4    XL:     5   Next: 16%
Magic:  16/16      EV: 12    Int: 24    God:
Gold:   168        SH:  0    Dex: 13    Spells: 5 memorised, 7 levels left

rFire  . . .     SeeInvis .     p - +3 dagger (flame)
rCold  . . .     Gourm    .     k - +0 robe
rNeg   . . .     Faith    +     (no shield)
rPois  .         Spirit   .     b - +0 hat
rElec  .         Dismiss  .     (no cloak)
rCorr  .         Reflect  .     (no gloves)
SustAt .         Harm     .     (no boots)
MR     .....                    u - amulet of faith
Stlth  ++........               (no ring)
                                (no ring)

@: very slightly contaminated, slowed, very slow, not resistant to hostile
enchantments, unstealthy
A: no striking features
a: no special abilities


You were on level 4 of the Dungeon.
You were not hungry.

You visited 1 branch of the dungeon, and saw 4 of its levels.

You collected 168 gold pieces.

Inventory:

Hand Weapons
 p - a +3 dagger of flaming (weapon)
 x - a +1 dagger of draining
Armour
 b - a +0 hat (worn)
 h - an ice dragon hide
 k - a +0 robe (worn)
Jewellery
 u - an amulet of faith (around neck)
 y - an uncursed amulet of guardian spirit
Wands
 s - a wand of confusion (23/48)
Scrolls
 a - 2 scrolls of remove curse
 g - 4 scrolls of teleportation
 m - 2 scrolls of identify
 v - a scroll of noise {unknown}
 w - a scroll of blinking {unknown}
Potions
 e - 2 potions of haste
 f - a potion of berserk rage
 i - a potion of cure mutation
 j - 2 potions of ambrosia
 l - a potion of might
 n - a potion of magic
 t - a potion of brilliance {unknown}
 z - a potion of curing {unknown}
Books
 c - a book of Minor Magic

   Spells                             Type                      Level
   a - Magic Dart                     Conjuration                  1
   b - Blink                          Translocation                2
   c - Call Imp                       Summoning                    2
   d - Repel Missiles                 Charms/Air                   2
   e - Slow                           Hexes                        2
   f - Conjure Flame                  Conjuration/Fire             3
   g - Mephitic Cloud                 Conjuration/Poison/Air       3
Comestibles
 d - 3 bread rations
 o - 2 fruits
 q - 2 meat rations
 r - a slice of pizza


   Skills:
 - Level 2.4 Dodging
 - Level 2.4 Stealth
 + Level 6.6 Spellcasting
 + Level 3.7 Conjurations
   Level 1.1 Summonings
 - Level 1.1 Translocations


You had 7 spell levels left.
You knew the following spells:

 Your Spells              Type           Power        Failure   Level  Hunger
a - Magic Dart            Conj           ####         1%          1    None
b - Blink                 Tloc           N/A          10%         2    None
c - Repel Missiles        Chrm/Air       #.....       12%         2    None
d - Slow                  Hex            #.......     12%         2    None
e - Conjure Flame         Conj/Fire      ###.....     12%         3    None


Dungeon Overview and Level Annotations

Branches:
Dungeon (4/15)
 Temple: D:4-7

Altars:
Nemelex Xobeh


Message History

The orc wizard gestures at you while chanting.
The magic dart hits you! The orc wizard hits you with a dagger.
* * * LOW HITPOINT WARNING * * *
The orc barely misses you.
Casting: Magic Dart
Confirm with . or Enter, or press ? or * to list all spells.
Aiming: Magic Dart
Press: ? - help, Shift-Dir - straight line, f/p - orc wizard
Aim: an orc wizard, wielding a dagger and wearing an embroidered robe (heavily wounded)
The magic dart hits the orc wizard.
The orc wizard is almost dead.
The orc wizard closely misses you. The orc wizard hits you with a dagger.
* * * LOW HITPOINT WARNING * * *
The orc barely misses you. The orc wizard hits you with a dagger.
* * * LOW HITPOINT WARNING * * *
The orc wizard hits you but does no damage.
Drink which item? (? for menu, Esc to quit)
It was a potion of magic.
Magic courses through your body. The orc misses you.
The orc wizard barely misses you. The orc wizard hits you with a dagger.
You die...

.. ...#........
#.##..........#
.............#
............+
###..........#
............#
#.ooo..#
#..@...#
#......#
#......#
#......#
#......#
###+####


You could see 2 orc wizards and an orc.

Vanquished Creatures
  An orc priest (D:3)
  2 adders (D:3)
  An ooze (D:1)
  2 worms (D:3)
  2 dart slugs (D:2)
  4 giant geckos
  12 orcs (D:3)
  7 bats
  4 giant cockroaches
  9 goblins
  10 hobgoblins
  7 jackals
  6 kobolds
  A quokka (D:2)
  A rat (D:2)
69 creatures vanquished.

Notes
Turn   | Place    | Note
--------------------------------------------------------------
     0 | D:1      | PossumBlood the Deep Elf Wizard began the quest for the Orb.
     0 | D:1      | Reached XP level 1. HP: 10/10 MP: 7/7
   265 | D:1      | Reached XP level 2. HP: 14/15 MP: 0/9
   380 | D:1      | Reached skill level 5 in Spellcasting
   765 | D:2      | Reached XP level 3. HP: 18/19 MP: 5/11
   861 | D:2      | Learned a level 2 spell: Blink
   864 | D:2      | Learned a level 2 spell: Repel Missiles
   867 | D:2      | Learned a level 2 spell: Slow
   871 | D:2      | Learned a level 3 spell: Conjure Flame
  1303 | D:2      | Found a sparkling altar of Nemelex Xobeh.
  1783 | D:3      | Reached XP level 4. HP: 24/24 MP: 8/13
  1922 | D:3      | Reached skill level 6 in Spellcasting
  2143 | D:3      | Reached XP level 5. HP: 23/28 MP: 3/15
  2927 | D:4      | Slain by an orc wizard

Skill      XL: |  1  2  3  4 |
---------------+-------------+-----
Conjurations   | 2 3 |  3.7
Spellcasting   | 5 6 |  6.6
Dodging        | |  2.4
Stealth        | |  2.4
Summonings     | |  1.1
Translocations | |  1.1

Action                   |  1- 3 |  4- 6 || total
-------------------------+-------+-------++-------
Melee: Dagger            |       |     4 ||     4
 Cast: Magic Dart        |   111 |    70 ||   181
  Use: Scroll            |    11 |       ||    11
       Potion            |       |     1 ||     1
  Eat: Bread ration      |     1 |       ||     1
       Fruit             |       |     2 ||     2
Armor: Robe              |     3 |       ||     3
Dodge: Dodged            |    13 |    15 ||    28
